 Dungeon Crawl Stone Soup version 0.31-a0-233-g139696dc86 (webtiles) character file.

Game seed: 11128250273779591768

1323 qw the Skirmisher (level 8, -5/71 HPs)
             Began as a Minotaur Hexslinger on July 7, 2023.
             Slain by a vampire mosquito (9 damage)
             ... on level 6 of the Dungeon.
             The game lasted 00:01:27 (4339 turns).

qw the Skirmisher (Minotaur Hexslinger)             Turns: 4339, Time: 00:01:27

Health: -5/71      AC:  7    Str: 14      XL:     8   Next: 33%
Magic:  8/8        EV: 12    Int: 10      God:
Gold:   202        SH:  0    Dex: 13 (14) Spells: 8/9 levels left

rFire   + . .        c - +1 sling (heavy)
rCold   . . .        (no shield)
rNeg    + . .        m - +3 leather armour of the Prince of Darkness {rPois rF+}
rPois   +            (helmet restricted)
rElec   .            g - +0 cloak
rCorr   .            (no gloves)
SInv    +            (no boots)
Will    .....        (no amulet)
Stlth   +            d - ring of see invisible
HPRegen 0.31/turn    h - ring of positive energy
MPRegen 0.11/turn

%: no passive effects
@: about to teleport, marked
A: horns 2, retaliatory headbutt, deterioration 1
a: no special abilities


You were on level 6 of the Dungeon.
You visited 1 branch of the dungeon, and saw 6 of its levels.

You collected 202 gold pieces.


Innate Abilities, Weirdness & Mutations

You have a pair of horns on your head.
You reflexively headbutt those who attack you in melee.
Your body sometimes deteriorates upon taking damage.


   Skills:
 - Level 6.3 Fighting
 + Level 9.4 Ranged Weapons
 - Level 1.3 Armour
 - Level 3.0 Dodging
 - Level 1.0 Spellcasting
 - Level 2.0 Hexes


You had 8 spell levels left.
You knew the following spells:

 Your Spells              Type           Power      Damage    Failure   Level
a - Slow                  Hex            16%        N/A       19%         1

Your spell library contained the following spells:

 Spells                   Type           Power      Damage    Failure   Level
 Inner Flame              Hex/Fire       2%         N/A       63%         3
 Portal Projectile        Hex/Tloc       4%         N/A       63%         3
 Cause Fear               Hex            2%         N/A       88%         4

Inventory:

Hand Weapons
 c - a +1 heavy sling (weapon)
Armour
 g - a +0 cloak (worn)
 m - the +3 leather armour of the Prince of Darkness (worn) {rPois rF+}
   (You found it on level 3 of the Dungeon)

   rF:        It protects you from fire.
   rPois:     It protects you from poison.
Jewellery
 d - a ring of see invisible (left hand)
 h - a ring of positive energy (right hand)
Potions
 b - a potion of haste {unknown}
 e - a potion of heal wounds {unknown}
 f - a potion of might {unknown}
 i - a potion of mutation
 j - a potion of degeneration {unknown}
 k - a potion of enlightenment {unknown}
 l - 2 potions of curing {unknown}

Dungeon Overview and Level Annotations

Branches:
Dungeon (6/15)
 Temple: D:4-7

Altars:

Shops:
D:1 [

Annotations:
D:4 1 transporter, qw's ghost, novice GrHs


Message History

The vampire mosquito closely misses you.
An orc wizard comes into view. It is wielding a +0 dagger.
The vampire mosquito bites you.
The vampire mosquito draws strength from your injuries!
You shoot a sling bullet.
The sling bullet hits the vampire mosquito!!
The vampire mosquito is almost destroyed.
The vampire mosquito bites you.
The vampire mosquito draws strength from your injuries!
The vampire mosquito bites you but does no damage.
A vampire mosquito comes into view.
The orc hits you with a +0 war axe!
You shoot a sling bullet.
The sling bullet barely misses the vampire mosquito.
The sling bullet hits the jelly.
The jelly is moderately wounded.
The vampire mosquito bites you. The vampire mosquito barely misses you.
The orc closely misses you.
An orc comes into view. It is wielding a +0 short sword.
The vampire mosquito bites you!
Your body deteriorates!
You feel clumsy.
The vampire mosquito draws strength from your injuries!
4337 ||| READING scroll of teleportation.
As you read the scroll of teleportation, it crumbles to dust.
You feel strangely unstable. The vampire mosquito bites you!
The orc wizard mumbles some strange words.
The orc wizard flickers and vanishes for a moment.
You shoot a sling bullet.
The sling bullet hits the vampire mosquito!
You destroy the vampire mosquito!
The vampire mosquito bites you but does no damage.
The vampire mosquito closely misses you.
The vampire mosquito barely misses you.
You feel your dexterity returning.
Your Fighting skill increases to level 6!
You shoot a sling bullet. The sling bullet hits the jelly.
The jelly is heavily wounded.
The vampire mosquito bites you!
You die...

#.#
####.###
#......#
#.##.#.# #
#.#.####
#..oo..#
###o####
#.####y#
#...J@.#
#....#####
..#


You could see a vampire mosquito, a jelly, an orc wizard (invisible) and 2 orcs.

Vanquished Creatures
  2 vampire mosquitoes (D:6)
  A water moccasin (D:5)
  2 ice beasts
  A sky beast (D:6)
  A black bear (D:4)
  2 ogres (D:5)
  2 hounds
  An orc priest (D:5)
  Jessica (D:2)
  2 iguanas
  3 orc wizards
  Robin (D:2)
  6 adders
  A shadow imp (D:5)
  2 ufetubi (D:5)
  2 worms (D:2)
  3 dart slugs
  5 orcs
  7 endoplasms
  7 giant cockroaches
  11 goblins
  6 hobgoblins
  9 kobolds
  5 quokkas
  9 ball pythons
  4 bats
  A frilled lizard (D:1)
  7 rats
  A spectral hobgoblin (D:2)
105 creatures vanquished.

Notes
Turn   | Place    | Note
-------+----------+-------------------------------------------
     0 | D:1      | qw the Minotaur Hexslinger began the quest for the Orb.
     0 | D:1      | Reached XP level 1. HP: 16/16 MP: 1/1
     0 | D:1      | 0 ||| qw: Version: 0.3-a-46-gb1f654a
     0 | D:1      | 0 ||| qw: Game counter: 3193
     0 | D:1      | 0 ||| qw: Melee chars always use a shield: true
     0 | D:1      | 0 ||| qw: God list: Okawaru
     0 | D:1      | 0 ||| qw: Allow faded altars: false
     0 | D:1      | 0 ||| qw: Do Orc after clearing Dungeon:15 true
     0 | D:1      | 0 ||| qw: Do second Lair branch before Depths: true
     0 | D:1      | 0 ||| qw: Lair rune preference: random
     0 | D:1      | 0 ||| qw: Goals: Normal
     0 | D:1      | 0 ||| PLANNING D:1-11
   117 | D:1      | Reached skill level 3 in Ranged Weapons
   117 | D:1      | Reached XP level 2. HP: 19/23 MP: 2/2
   194 | D:1      | Found Uwikef's Armour Emporium.
   203 | D:1      | 203 ||| SHOPLISTING +0 leather armour (24 gold, have 6).
   203 | D:1      | 203 ||| SHOPLISTING +0 pair of boots (54 gold, have 6).
   203 | D:1      | 203 ||| SHOPLISTING +0 pair of boots of rampaging (138
                  | gold, have 6).
   203 | D:1      | 203 ||| SHOPLISTING +0 ring mail (48 gold, have 6).
   555 | D:1      | Reached XP level 3. HP: 29/29 MP: 3/3
  1037 | D:1      | 1037 ||| UPGRADING to +0 cloak.
  1042 | D:1      | 1042 ||| READING 2 scrolls labelled ZEYT EDIOGG.
  1043 | D:1      | 1043 ||| DROPPING scroll of amnesia.
  1044 | D:1      | 1044 ||| DROPPING scroll of poison.
  1246 | D:2      | Reached skill level 4 in Ranged Weapons
  1376 | D:2      | Found a faded altar of an unknown god.
  1383 | D:2      | Noticed Jessica
  1390 | D:2      | Killed Jessica
  1391 | D:2      | Reached XP level 4. HP: 13/36 MP: 4/4
  1392 | D:2      | HP: 9/36 [kobold/+0 short sword (1)]
  1551 | D:2      | Noticed Robin
  1563 | D:2      | Killed Robin
  1566 | D:2      | Reached skill level 5 in Ranged Weapons
  1566 | D:2      | 1566 ||| FLEEEEING.
  1567 | D:2      | 1567 ||| FLEEEEING.
  1568 | D:2      | 1568 ||| FLEEEEING.
  1569 | D:2      | 1569 ||| FLEEEEING.
  1570 | D:2      | 1570 ||| FLEEEEING.
  1571 | D:2      | 1571 ||| FLEEEEING.
  1778 | D:2      | 1778 ||| UPGRADING to +0 leather armour.
  1788 | D:2      | 1788 ||| DROPPING +0 robe.
  1789 | D:2      | 1789 ||| READING scroll labelled TEJOCH MYKADUC.
  1890 | D:2      | 1890 ||| READING scroll labelled JOBBOXI WEXZI.
  1915 | D:3      | Reached skill level 3 in Fighting
  1916 | D:3      | 1916 ||| STAIRDANCE
  1920 | D:2      | Reached XP level 5. HP: 38/45 MP: 5/5
  2034 | D:3      | 2034 ||| Stepping ~*~*~tactically~*~*~ (outnumbered).
  2135 | D:3      | Identified the +3 leather armour of the Prince of Darkness
                  | {rPois rF+}
  2732 | D:3      | 2732 ||| UPGRADING to +0 ring mail.
  2742 | D:3      | 2742 ||| DROPPING +0 leather armour.
  2743 | D:3      | 2743 ||| UPGRADING to +3 leather armour of the Prince of
                  | Darkness {rPois rF+}.
  2753 | D:3      | 2753 ||| DROPPING +0 ring mail.
  2754 | D:3      | 2754 ||| READING 2 scrolls labelled DIMANW UTTYEZ.
  2759 | D:3      | 2759 ||| READING scroll labelled FOYVIT ZYPUDE.
  2760 | D:3      | 2760 ||| READING scroll labelled EMA JECUYHYSEU.
  2761 | D:3      | 2761 ||| DRINKING 2 sedimented black potions.
  2762 | D:3      | 2762 ||| DRINKING 2 purple potions.
  2763 | D:3      | 2763 ||| DRINKING 3 golden potions.
  2764 | D:3      | 2764 ||| DROPPING potion of magic.
  2765 | D:3      | 2765 ||| DROPPING potion of brilliance.
  2766 | D:3      | 2766 ||| DROPPING 2 potions of attraction.
  2787 | D:4      | Reached skill level 6 in Ranged Weapons
  2787 | D:4      | 2787 ||| STAIRDANCE
  2813 | D:4      | Reached skill level 1 in Armour
  2813 | D:4      | Reached XP level 6. HP: 51/51 MP: 6/6
  2889 | D:4      | Noticed qw's ghost (novice GrHs)
  2890 | D:4      | Found a transporter.
  3258 | D:4      | 3258 ||| UPGRADING to ring of see invisible.
  3259 | D:4      | 3259 ||| READING scroll labelled UTTIOF NENWAGO.
  3260 | D:4      | 3260 ||| READING scroll labelled WUMOTU RIECWICINK.
  3261 | D:4      | 3261 ||| DRINKING 2 murky coppery potions.
  3261 | D:4      | Gained mutation: Your body sometimes deteriorates upon
                  | taking damage. [potion of mutation]
  3277 | D:5      | Entered Level 5 of the Dungeon
  3281 | D:5      | Noticed a water moccasin
  3290 | D:5      | Killed a water moccasin
  3291 | D:5      | Reached skill level 7 in Ranged Weapons
  3291 | D:5      | Reached XP level 7. HP: 17/60 MP: 7/7
  3291 | D:5      | HP: 15/60 [poisoned by a water moccasin]
  3296 | D:5      | HP: 10/60 [poisoned by a water moccasin]
  3589 | D:5      | Reached skill level 8 in Ranged Weapons
  3807 | D:5      | Reached skill level 3 in Dodging
  4093 | D:5      | 4093 ||| UPGRADING to ring of positive energy.
  4094 | D:5      | 4094 ||| DRINKING 2 black potions.
  4122 | D:5      | 4122 ||| DROPPING potion of lignification.
  4270 | D:6      | Reached XP level 8. HP: 62/69 MP: 8/8
  4332 | D:6      | Reached skill level 9 in Ranged Weapons
  4336 | D:6      | HP: 12/69 [vampire mosquito (7)]
  4337 | D:6      | 4337 ||| READING scroll of teleportation.
  4337 | D:6      | HP: 3/69 [vampire mosquito (10)]
  4339 | D:6      | Reached skill level 6 in Fighting
  4339 | D:6      | Slain by a vampire mosquito

Levels and vault maps discovered:
D:1:      eino_arrival_tree_alley, layout_basic, serial_shops, shop
D:2:      layout_loops_ring, dreamdust_ecumenical_altar_drowned_temple,
          uniq_robin, uniq_jessica
D:3:      layout_basic
D:4:      layout_basic, serial_glass, glass_columns_b, glass_columns_a,
          gammafunk_ghost_smash
D:5:      layout_loops_ring
D:6:      layout_loops_cross, nicolae_overflow_hallway_of_the_gods,
          minmay_temple_entry_nine_rooms

Skill      XL: |  1  2  3  4  5  6  7  8 |
---------------+-------------------------+-----
Ranged Weapons | 3 4 5 6 7 8 9 |  9.4
Fighting       | 2 3 4 5 6 |  6.3
Armour         | 1 |  1.3
Dodging        | 3 |  3.0
Spellcasting   | |  1.0
Hexes          | |  2.0

Action                     |  1- 3 |  4- 6 |  7- 9 || total
---------------------------+-------+-------+-------++-------
   Fire: Sling             |   103 |   127 |    74 ||   304
    Use: Scroll            |     1 |     7 |     1 ||     9
         Potion            |       |     4 |     1 ||     5
 Armour: Robe              |     6 |     2 |       ||     8
         Leather armour    |       |    38 |    27 ||    65
  Dodge: Dodged            |    15 |    56 |    36 ||   107

Table legend:
 A = Non-vault XP
 B = Vault XP
 C = Vault XP percentage of total XP
 D = Non-vault monster count
 E = Vault monster count
 F = Vault count percentage of total count
                 A         B        C        D         E       F
            +---------+---------+-------+---------+---------+-------
      Total |    1826 |      64 |   3.4 |      96 |       9 |   8.6
            +---------+---------+-------+---------+---------+-------
        D:1 |      51 |       0 |   0.0 |      29 |       0 |   0.0
        D:2 |      48 |      64 |  57.1 |      12 |       9 |  42.9
        D:3 |     141 |       0 |   0.0 |      18 |       0 |   0.0
        D:4 |     232 |       0 |   0.0 |      17 |       0 |   0.0
        D:5 |     714 |       0 |   0.0 |      16 |       0 |   0.0
        D:6 |     640 |       0 |   0.0 |       4 |       0 |   0.0
            +---------+---------+-------+---------+---------+-------
